 Dungeon Crawl Stone Soup version 0.28.0-45-g0d030f2227 (webtiles) character file.

Game seed: 18016479390329595801

77 Icepheonix32 the Insei (level 4, 0/28 HPs)
             Began as an Octopode Transmuter on Apr 16, 2022.
             Succumbed to an adder's poison
             ... on level 3 of the Dungeon.
             The game lasted 00:02:40 (2373 turns).

Icepheonix32 the Insei (Octopode Transmuter)        Turns: 2373, Time: 00:02:40

Health: 0/28       AC:  1    Str:  6 (9)  XL:     4   Next: 34%
Magic:  6/7        EV: 17    Int: 16 (17) God:
Gold:   10         SH:  0    Dex: 10 (12) Spells: 1/7 levels left

rFire   . . .      SeeInvis .     - Unarmed
rCold   . . .      Faith    .   (no shield)
rNeg    . . .      Spirit   .   (helmet restricted)
rPois   .          Reflect  .   (no amulet)
rElec   .          Harm     .   g - ring of wizardry
rCorr   .          Rampage  .   i - +4 ring of evasion
Will    .....                   (no ring)
Stlth   ++........              (no ring)
HPRegen 0.09/turn               (no ring)
MPRegen 0.10/turn               (no ring)
                                (no ring)
                                (no ring)

@: lethally poisoned (0 -> -5)
A: almost no armour, amphibious, 8 rings, camouflage 1, gelatinous body 1,
(nimble swimmer 1), tentacles
a: no special abilities


You were on level 3 of the Dungeon.
You visited 1 branch of the dungeon, and saw 3 of its levels.

You collected 54 gold pieces.
You spent 44 gold pieces at shops.

Inventory:

Missiles
 a - 3 javelins
Jewellery
 g - a ring of wizardry (left tentacle)
 i - a +4 ring of evasion (right tentacle)
 l - a +4 ring of protection
Scrolls
 b - a scroll of silence {unknown}
 c - a scroll of immolation {unknown}
 d - a scroll of identify {unknown}
 e - a scroll of enchant weapon {unknown}
 f - a scroll of brand weapon {unknown}
 j - a scroll of teleportation {unknown}


   Skills:
 + Level 1.2 Fighting
 * Level 2.7 Dodging
 + Level 1.0 Stealth
 + Level 3.6 Unarmed Combat
 + Level 2.2 Spellcasting
 * Level 2.8 Transmutations


You had one spell level left.
You knew the following spells:

 Your Spells              Type           Power      Damage    Failure   Level
a - Beastly Appendage     Tmut           22%        N/A       2%          1
b - Wereblood             Tmut           11%        N/A       4%          2
c - Spider Form           Tmut/Pois      6%         N/A       13%         3

Your spell library contained the following spells:

 Spells                   Type           Power      Damage    Failure   Level
 Ice Form                 Ice/Tmut       6%         N/A       38%         4


Dungeon Overview and Level Annotations

Branches:
Dungeon (3/15)

Altars:

Shops:
D:2 *


Innate Abilities, Weirdness & Mutations

You cannot wear most types of armour.
You are amphibious.
You can wear up to eight rings at the same time.
Your skin changes colour to match your surroundings (Stealth+).
Your rubbery body absorbs attacks. (AC +1, EV +1)
((You are camouflaged when in or above water. (Stealth+)))
You have tentacles for arms and can constrict up to eight enemies at once.


Message History

You are too injured to fight recklessly!
You are too injured to fight recklessly!
You are too injured to fight recklessly!
You are too injured to fight recklessly!
Unknown command.
Casting: Beastly Appendage (safe; 2% risk of failure)
Confirm with . or Enter, or press ? or * to list all spells.
One of your tentacles grows a vicious spike.
You constrict the adder.
You feel sick.
The ball python completely misses you. x2
The adder bites you.
* * * LOW HITPOINT WARNING * * *
You are lethally poisoned!
The adder poisons you! The ball python completely misses you.
The ball python barely misses you.
Your magical contamination has completely faded away.
It was a potion of attraction.
You feel attractive to monsters.
You constrict the adder.
You kill the adder!
* * * LOW HITPOINT WARNING * * *
You feel sick. The ball python closely misses you. The ball python misses you.
Your Stealth skill increases to level 1!
It was a potion of degeneration.
There was something very wrong with that liquid.
You feel weakened.
You feel dopey.
You feel clumsy.
* * * LOW HITPOINT WARNING * * *
You feel sick. The ball python misses you. The ball python barely misses you.
It was a potion of cancellation.
Your magical effects are unravelling.
You feel magically purged.
Your tentacle spike disappears.
* * * LOW HITPOINT WARNING * * *
You feel sick. The ball python bites you.
* * * LOW HITPOINT WARNING * * *
The ball python closely misses you. The worm closely misses you.
You feel less attractive to monsters.
You tentacle-slap the ball python. You grab the ball python.
The ball python is moderately wounded.
You constrict the ball python.
You die...

##########
#........#
#........#
#........#
#..<.....#
#.@......#
#wS......#
..........#
#..........#
#.#........#
#.##########
#


You could see a worm and a ball python.

Vanquished Creatures
  An orc priest (D:2)
  An adder (D:3)
  2 orcs (D:2)
  4 bats (D:1)
  3 endoplasms
  A giant cockroach (D:1)
  2 goblins (D:1)
  5 hobgoblins
  A quokka (D:1)
  2 ball pythons
  4 frilled lizards (D:1)
  7 kobolds
  2 rats (D:1)
35 creatures vanquished.

Vanquished Creatures (others)
  5 plants (D:1)
5 creatures vanquished.

Grand Total: 40 creatures vanquished

Notes
Turn   | Place    | Note
-------+----------+-------------------------------------------
     0 | D:1      | Icepheonix32 the Octopode Transmuter began the quest for
                  | the Orb.
     0 | D:1      | Reached XP level 1. HP: 13/13 MP: 3/3
   460 | D:1      | Reached XP level 2. HP: 18/18 MP: 3/5
  1086 | D:1      | Reached XP level 3. HP: 5/23 MP: 6/6
  1431 | D:1      | Learned a level 2 spell: Wereblood
  1435 | D:1      | Learned a level 3 spell: Spider Form
  1569 | D:2      | Reached XP level 4. HP: 26/28 MP: 5/7
  1756 | D:2      | Found Niloc's Assorted Antiques.
  1760 | D:2      | Bought a scroll labelled FINEUNGICHI for 22 gold pieces
  2353 | D:2      | Bought a scroll labelled GOCHUH BYGOL for 22 gold pieces
  2371 | D:3      | Reached skill level 1 in Stealth
  2372 | D:3      | HP: 1/28 [ball python (1)]
  2373 | D:3      | Succumbed to an adder's poison

Illustrated notes

Levels and vault maps discovered:
D:1:      nicolae_arrival_somewhat_less_tricky_arrival, layout_loops_ring,
          lexackson_kobold_supper
D:2:      layout_basic, serial_shops, nicolae_shop_behind_doors
D:3:      layout_rooms, led_sif_book, shapermc_ecumenical_altar_starsandcircs

Skill      XL: |  1  2  3  4 |
---------------+-------------+-----
Stealth        | 1 |  1.0
Fighting       | |  1.2
Dodging        | |  2.7
Unarmed Combat | |  3.6
Spellcasting   | |  2.2
Transmutations | |  2.8

Action                   |  1- 3 |  4- 6 || total
-------------------------+-------+-------++-------
Melee: Unarmed           |    54 |    18 ||    72
       Tentacles         |    11 |     4 ||    15
       Constrict         |    16 |     5 ||    21
       Kick              |    10 |     3 ||    13
 Cast: Beastly Appendage |    12 |     4 ||    16
  Use: Potion            |       |     3 ||     3
       Scroll            |       |     1 ||     1
 Stab: Sleeping          |     2 |     1 ||     3
Armor: Skin              |     2 |       ||     2
Dodge: Dodged            |    38 |    26 ||    64
